 Dungeon Crawl Stone Soup version 0.21-a0-349-g0c35859 (webtiles) character file.

6444 SpeedyPerson7 the Cleaver (level 10, -3/97 HPs)
             Began as a Minotaur Berserker on Oct 7, 2017.
             Was a High Priest of Trog.
             Slain by a yak (10 damage)
             ... on level 8 of the Dungeon.
             The game lasted 00:07:50 (6702 turns).

SpeedyPerson7 the Cleaver (Minotaur Berserker)      Turns: 6702, Time: 00:07:51

Health: -3/97      AC:  9    Str: 22    XL:     10   Next: 67%
Magic:  9/9        EV:  9    Int:  4    God:    Trog [*****.]
Gold:   303        SH:  0    Dex: 13    Spells: 9/9 levels left

rFire    . . .     SeeInvis .   u - +2 hand axe (chop)
rCold    . . .     Gourm    +   (no shield)
rNeg     . . .     Faith    .   n - +0 chain mail
rPois    .         Spirit   .   (helmet restricted)
rElec    .         Reflect  .   (no cloak)
rCorr    .         Harm     .   (no gloves)
MR       +++..                  (no boots)
Stlth    ..........             B - amulet of the gourmand
HPRegen  1.26/turn              M - ring of protection from magic
MPRegen  0.11/turn              (no ring)

@: berserk cooldown, regenerating, slowed, very slow
A: retaliatory headbutt, horns 2
a: Berserk, Trog's Hand, Brothers in Arms, Burn Spellbooks, Renounce Religion


You were on level 8 of the Dungeon.
You worshipped Trog.
Trog was extremely pleased with you.
You were completely stuffed.

You visited 1 branch of the dungeon, and saw 9 of its levels.
You also visited: Ossuary.

You collected 381 gold pieces.
You spent 78 gold pieces at shops.

Inventory:

Hand Weapons
 u - a +2 hand axe of chopping (weapon)
Armour
 n - a +0 chain mail (worn)
 C - a +0 scale mail of fire resistance
Jewellery
 B - an amulet of the gourmand (around neck)
 M - a ring of protection from magic (left hand)
Wands
 v - a wand of lightning (8/15)
Scrolls
 b - a scroll of enchant armour {unknown}
 d - a scroll of fear {unknown}
 f - a scroll of blinking {unknown}
 i - 3 scrolls of identify
 j - 4 scrolls of random uselessness
 k - a scroll of fog
 q - 5 scrolls of immolation
 r - 5 scrolls of remove curse
 t - 8 scrolls of teleportation
 y - a scroll of amnesia {unknown}
Potions
 a - 7 potions of degeneration {!q!q}
 c - 4 potions of curing
 l - a potion of might {unknown}
 m - a potion of magic {unknown}
 s - a potion of heal wounds {unknown}
 w - a potion of agility {unknown}
 x - 2 potions of lignification {!q}
 z - a potion of cancellation {unknown}
Comestibles
 g - 4 royal jellies
 h - 14 fruits
 p - 5 bread rations


   Skills:
 + Level 11.6 Fighting
 + Level 14.8 Axes
 + Level 4.9 Armour
 - Level 2.1 Dodging


You had 9 spell levels left.
You didn't know any spells.

Dungeon Overview and Level Annotations

Branches:
Dungeon (9/15)             Temple (0/1) D:6
   Lair: D:8-11         Orc: D:9-12

Altars:
Ashenzari
Ru
Trog
The Shining One

Shops:
D:5 *   D:8 }

Annotations:
D:1 1 runed door
D:9 NormalPerson7's ghost, novice OpWz


Innate Abilities, Weirdness & Mutations

You reflexively headbutt those who attack you in melee.
You have a pair of horns on your head.


Message History

You eat the meat ration.
That meat ration really hit the spot!
The yak bellows!
You hear a shout! x2
The yak gores you but does no damage. The yak gores you!
* * * LOW HITPOINT WARNING * * *
NormalPerson7's ghost mumbles some strange words.
NormalPerson7's ghost blinks!
You see here a bullfrog corpse.
The yak barely misses you. You furiously retaliate!
You headbutt the yak.
There is a stone staircase leading up here.
You see here a killer bee corpse.
The yak gores you but does no damage.
You climb upwards.
There is a stone staircase leading down here.
Your skin crawls.
You feel resistant to hostile enchantments.
You feel somewhat less full. The yak barely misses you. The yak gores you!
* * * LOW HITPOINT WARNING * * *
You feel the effects of Trog's Hand fading.
The yak gores you!
You die...

###.#.#####.#...#....#...########
....#...#.......####.#...#
##[.#.#.#.#.#............####
#..#.#.#.#.#.#.......#.....#
#....#.#.#.#.#.............#
#..###.#.#.#.#.......#.....#
##.######...#.#>............#
........#####.#Y####...######
##.####.# #...@......#
......#.#####.......####
##.##.#.#...(.......#
#...#.#.#.####......# .._.......#
######## #...#.#.#.# ##.##.#.#.#
......#.#.# ##.####.#.#


You could see a yak.

Vanquished Creatures
  2 two-headed ogres (D:8)
  The ghost of Irenicus the Fighter, a novice GnCK of Xom (D:8)
  Pikel (D:4)
  A troll (D:6)
  Grinder (D:3)
  Menkaure (D:4)
  A water moccasin (D:8)
  An orc warrior (D:5)
  3 ice beasts
  2 phantoms (D:5)
  3 slaves (D:4)
  2 ogres
  2 sky beasts
  A necrophage (D:8)
  4 centaurs
  A big kobold (D:8)
  4 bullfrogs
  A gnoll sergeant (D:8)
  A scorpion (D:4)
  6 killer bees (D:9)
  2 centaur zombies (Ossuary)
  A bullfrog zombie (D:8)
  5 crimson imps
  A human zombie (Ossuary)
  A jelly (D:7)
  3 centaur skeletons
  5 hounds
  2 orc priests (D:5)
  6 orc wizards
  Jessica (D:3)
  Terence (D:2)
  3 iguanas
  3 worker ants
  3 big kobold zombies (Ossuary)
  7 mummies
  A hound zombie (D:7)
  Robin (D:3)
  2 howler monkey skeletons
  9 gnolls
  13 adders
  An ooze (D:3)
  An adder skeleton (D:5)
  5 worms
  2 dart slugs (D:1)
  2 leopard geckos
  25 orcs
  3 giant cockroaches
  20 goblins
  8 hobgoblins
  4 jackals
  10 kobolds
  6 quokkas
  13 bats
  7 frilled lizards
  A gnoll zombie (Ossuary)
  A hobgoblin zombie (D:4)
  2 orc zombies
  A quokka skeleton (D:5)
  10 rats
231 creatures vanquished.

Notes
Turn   | Place    | Note
-------+----------+-------------------------------------------
     0 | D:1      | SpeedyPerson7 the Minotaur Berserker began the quest for the Orb.
     0 | D:1      | Reached XP level 1. HP: 19/19 MP: 0/0
     0 | D:1      | Noticed a jelly
     0 | D:1      | Noticed a jelly
     2 | D:1      | Found a runed door.
   115 | D:1      | Reached skill level 4 in Axes
   407 | D:1      | Reached XP level 2. HP: 26/27 MP: 1/1
   954 | D:2      | Reached XP level 3. HP: 32/33 MP: 2/2
   995 | D:2      | Reached ** piety under Trog
  1038 | D:2      | Reached skill level 5 in Axes
  1134 | D:2      | Found a bloodstained altar of Trog.
  1187 | D:2      | Noticed Terence
  1194 | D:2      | Killed Terence
  1194 | D:2      | Reached XP level 4. HP: 41/41 MP: 3/3
  1302 | D:2      | Found a shattered altar of Ashenzari.
  1933 | D:3      | Noticed Robin
  1934 | D:3      | Noticed Jessica
  1942 | D:3      | Killed Robin
  1942 | D:3      | Reached skill level 6 in Axes
  1942 | D:3      | Reached XP level 5. HP: 47/47 MP: 4/4
  1943 | D:3      | Reached skill level 5 in Fighting
  1949 | D:3      | Killed Jessica
  2162 | D:3      | Reached *** piety under Trog
  2220 | D:3      | Noticed Grinder
  2225 | D:3      | Killed Grinder
  2225 | D:3      | Reached skill level 7 in Axes
  2225 | D:3      | Reached XP level 6. HP: 57/57 MP: 5/5
  2327 | D:3      | Reached skill level 8 in Axes
  2405 | D:3      | Reached XP level 7. HP: 60/63 MP: 6/6
  2715 | D:4      | Found a sand-covered staircase.
  2833 | Ossuary  | Entered an ossuary
  3203 | Ossuary  | Reached skill level 9 in Axes
  3634 | D:4      | Noticed Menkaure
  3640 | D:4      | Killed Menkaure
  3640 | D:4      | Reached **** piety under Trog
  3640 | D:4      | Reached XP level 8. HP: 73/73 MP: 7/7
  3787 | D:4      | Noticed Pikel
  3803 | D:4      | Killed Pikel
  3803 | D:4      | Reached skill level 11 in Axes
  4155 | D:5      | Entered Level 5 of the Dungeon
  4481 | D:5      | Found Afirry's Assorted Antiques.
  4500 | D:5      | Reached XP level 9. HP: 83/83 MP: 8/8
  4558 | D:5      | Bought a scroll of teleportation for 78 gold pieces
  4734 | D:5      | Reached skill level 12 in Axes
  5083 | D:6      | Found a staircase to the Ecumenical Temple.
  5282 | D:6      | Noticed a troll
  5287 | D:6      | Killed a troll
  5509 | D:7      | Reached skill level 10 in Fighting
  5509 | D:7      | Reached skill level 13 in Axes
  5816 | D:7      | Found a glowing golden altar of the Shining One.
  5920 | D:8      | Noticed a two-headed ogre
  5921 | D:8      | Noticed Irenicus's ghost (novice GnCK)
  5927 | D:8      | Killed a two-headed ogre
  5927 | D:8      | Reached XP level 10. HP: 94/94 MP: 9/9
  5933 | D:8      | Killed Irenicus's ghost
  5933 | D:8      | Reached skill level 14 in Axes
  5934 | D:8      | Reached ***** piety under Trog
  5982 | D:8      | Found Qinog's Gadget Shoppe.
  6133 | D:8      | Received a gift from Trog
  6162 | D:8      | Noticed a two-headed ogre
  6167 | D:8      | Killed a two-headed ogre
  6301 | D:8      | Found a sacrificial altar of Ru.
  6669 | D:9      | Noticed NormalPerson7's ghost (novice OpWz)
  6700 | D:8      | HP: 3/97 [yak (8)]
  6702 | D:8      | Slain by a yak

Vault maps used:
D:1:      dpeg_arrival_caged_fury, hangedman_decor_slide_cut,
          grunt_decor_mini_mirrors
D:2:      nicolae_ashenzari_panopticon, lightli_temple_of_fire, uniq_terence
D:3:      first_bread, uniq_robin, uniq_jessica, uniq_grinder
D:4:      nicolae_ossuary_entry_giza, uniq_menkaure, uniq_pikel
D:5:      kennysheep_little_box, serial_shops, shop, hex_tiny
D:6:      old_standard_altar, minmay_temple_entry_overgrown
D:7:      grunt_livestock, nicolae_tso_carved_into_rock
D:8:      serial_shops, nicolae_shop_trees, nicolae_ru_sacrificial_ziggurat
D:9:      marbit_many_paths, grunt_temple_overflow_gold_and_silver, minivault_5
Ossuary:  ossuary_crypta

Skill      XL: |  1  2  3  4  5  6  7  8  9 10 |
---------------+-------------------------------+-----
Axes           | 4 5 6 7 8 9 11 13 14 | 14.8
Fighting       | 4 6 7 9 10 11 | 11.6
Armour         | 4 |  4.9
Dodging        | |  2.1

Action                   |  1- 3 |  4- 6 |  7- 9 | 10-12 || total
-------------------------+-------+-------+-------+-------++-------
Melee: Hand axe          |    68 |    92 |   267 |   104 ||   531
       Headbutt          |     8 |    18 |    61 |    21 ||   108
Invok: Berserk           |     1 |     3 |     6 |     2 ||    12
       Trog's Hand       |       |     1 |       |     1 ||     2
  Use: Scroll            |       |       |     1 |     7 ||     8
       Potion            |       |       |       |     1 ||     1
 Stab: Distracted        |       |       |     1 |       ||     1
  Eat: Chunk             |     1 |     8 |    23 |     4 ||    36
       Fruit             |       |       |     1 |       ||     1
       Meat ration       |       |       |       |     1 ||     1
Armor: Ring mail         |    28 |       |       |       ||    28
       Chain mail        |       |    46 |    75 |    42 ||   163
Dodge: Dodged            |    37 |    41 |    67 |    33 ||   178

Table legend:
 A = Spawn XP
 B = Non-spawn XP
 C = Spawn XP percentage of total XP
 D = Spawn monster count
 E = Non-spawn monster count
 F = Spawn count percentage of total count
 G = Total turns spent on level
                    A         B        C        D         E        F      G
               +---------+---------+-------+---------+---------+-------+---------
         Total |       0 |    9207 |   0.0 |       0 |     228 |   0.0 |  6702
               +---------+---------+-------+---------+---------+-------+---------
           D:1 |       0 |      29 |   0.0 |       0 |      17 |   0.0 |   812
           D:2 |       0 |     104 |   0.0 |       0 |      27 |   0.0 |   793
           D:3 |       0 |     611 |   0.0 |       0 |      51 |   0.0 |  1026
           D:4 |       0 |    1171 |   0.0 |       0 |      16 |   0.0 |  1058
           D:5 |       0 |    1076 |   0.0 |       0 |      23 |   0.0 |   924
           D:6 |       0 |     852 |   0.0 |       0 |      16 |   0.0 |   329
           D:7 |       0 |     400 |   0.0 |       0 |      14 |   0.0 |   479
           D:8 |       0 |    3921 |   0.0 |       0 |      39 |   0.0 |   774
           D:9 |       0 |     720 |   0.0 |       0 |      11 |   0.0 |    41
       Ossuary |       0 |     323 |   0.0 |       0 |      14 |   0.0 |   466
               +---------+---------+-------+---------+---------+-------+---------
